 Dungeon Crawl Stone Soup version 0.31-a0-200-gbc41564c69 (webtiles) character file.

Game seed: 1758353426578638822

49 qw the Shooter (level 3, 0/20 HPs)
             Began as a Deep Elf Hunter on June 25, 2023.
             Succumbed to their own poison gas
             ... on level 1 of the Dungeon.
             The game lasted 00:00:25 (724 turns).

qw the Shooter (Deep Elf Hunter)                     Turns: 724, Time: 00:00:26

Health: 0/20       AC:  3    Str: 10    XL:     3   Next: 53%
Magic:  5/5        EV: 27    Int: 13    God:
Gold:   46         SH:  0    Dex: 18    Spells: 2/2 levels left

rFire   . . .        Y - +0 shortbow
rCold   . . .        (shield currently unavailable)
rNeg    . . .        c - +0 leather armour
rPois   .            (no helmet)
rElec   .            (no cloak)
rCorr   .            (no gloves)
SInv    .            (no boots)
Will    .....        e - amulet of the acrobat
Stlth   +            (no ring)
HPRegen 0.23/turn    (no ring)
MPRegen 0.09/turn

%: acrobat
@: lethally poisoned (0 -> -2), weak-willed, acrobatic, invisible, very slow
A: no striking features
a: no special abilities


You were on level 1 of the Dungeon.
You visited 1 branch of the dungeon, and saw 1 of its levels.

You collected 46 gold pieces.


   Skills:
 - Level 1.5 Fighting
 + Level 7.1 Ranged Weapons
 - Level 2.4 Dodging
 - Level 1.2 Stealth


You had 2 spell levels left.
You didn't know any spells.
Your spell library was empty.

Inventory:

Hand Weapons
 Y - a +0 shortbow (weapon)
Armour
 c - a +0 leather armour (worn)
Jewellery
 e - an amulet of the acrobat (around neck)

Dungeon Overview and Level Annotations

Branches:
Dungeon (1/15)

Altars:


Message History

You drop a scroll of vulnerability.
You hear a splash.
Done exploring.
(D) Dungeon
Where to? (* - list waypoints, ? - help)
What level of the Dungeon? (default 1, ? - help) Sorry, I don't know how to get there.
Enter note:
Enter note:
Enter note:
Enter note:
Enter note:
Enter note:
Enter note:
Enter note:
Enter note:
Enter note:
Enter note:
Enter note: Really walk into that cloud of poison gas?
You are poisoned.
You feel very sick.
718 ||| Stepping ~*~*~tactically~*~*~ (cloud).
You enter the shallow water.
Moving in this stuff is going to be slow. ...and don't expect to remain undetected.
You feel very sick.
Things that are here:
a scroll of vulnerability; 2 potions of invisibility; a scroll of butterflies
There is a lethal amount of poison in your body!
You feel sick.
There is a lethal amount of poison in your body!
You feel sick.
There is a lethal amount of poison in your body!
You feel sick.
There is a lethal amount of poison in your body!
You feel sick.
There is a lethal amount of poison in your body!
You feel sick.
There is a lethal amount of poison in your body!
You die...

##################
~~~~~~~~~0¤~0¤~~##
¤¤¤¤~~~~¤~000¤¤0~## ###
~¤¤¤¤¤¤¤¤~¤0¤¤~~~0# #.# #
~¤¤¤¤¤¤¤¤0.0¤¤~~~¤## #.# #
¤~¤¤......0¤¤00¤0~~### #.######
¤......<..70¤.¤0@0¤0¤### #.......
..\......000....00¤00~¤##########
....:7...70.¤.0.070.¤¤0.# #......
.........00000¤.0.0¤0¤0.# #.#####
.........0.0000¤.¤....7.###.#####
.........0..0¤0¤0.70....##.......
.........0000.00000..00.#..#####.
...........00.0.0¤..0¤....## #.
..............%...........# #.


There were no monsters in sight!

Vanquished Creatures
  A gnoll (D:1)
  2 dart slugs (D:1)
  2 bats (D:1)
  3 endoplasms (D:1)
  A giant cockroach (D:1)
  5 goblins (D:1)
  2 hobgoblins (D:1)
  4 jackals (D:1)
  3 kobolds (D:1)
  A quokka (D:1)
  4 ball pythons (D:1)
  2 frilled lizards (D:1)
  2 rats (D:1)
32 creatures vanquished.

Notes
Turn   | Place    | Note
-------+----------+-------------------------------------------
     0 | D:1      | qw the Deep Elf Hunter began the quest for the Orb.
     0 | D:1      | Reached XP level 1. HP: 12/12 MP: 3/3
     0 | D:1      | 0 ||| qw: Version: 0.3-a-22-g0ed2b0b
     0 | D:1      | 0 ||| qw: Game counter: 5546
     0 | D:1      | 0 ||| qw: Melee chars always use a shield: true
     0 | D:1      | 0 ||| qw: God list: Okawaru
     0 | D:1      | 0 ||| qw: Allow faded altars: false
     0 | D:1      | 0 ||| qw: Do Orc after clearing Dungeon:15 true
     0 | D:1      | 0 ||| qw: Do second Lair branch before Depths: true
     0 | D:1      | 0 ||| qw: Lair rune preference: random
     0 | D:1      | 0 ||| qw: Goals: Normal
     0 | D:1      | 0 ||| PLANNING D:1-11
    50 | D:1      | Reached skill level 6 in Ranged Weapons
    50 | D:1      | Reached XP level 2. HP: 10/16 MP: 4/4
    56 | D:1      | HP: 4/16 [goblin/+0 club (3)]
   165 | D:1      | Reached XP level 3. HP: 20/20 MP: 5/5
   297 | D:1      | Reached skill level 7 in Ranged Weapons
   704 | D:1      | 704 ||| UPGRADING to amulet of the acrobat.
   709 | D:1      | 709 ||| READING scroll labelled SERACR KUOKK.
   710 | D:1      | 710 ||| READING 2 scrolls labelled GES NIUGACOTRO.
   711 | D:1      | 711 ||| READING scroll labelled JIHIOG EQAI.
   712 | D:1      | 712 ||| READING scroll labelled XOAT ESUXADD.
   713 | D:1      | 713 ||| DRINKING 3 viscous puce potions.
   714 | D:1      | 714 ||| DROPPING scroll of butterflies.
   715 | D:1      | 715 ||| DROPPING 2 potions of invisibility.
   716 | D:1      | 716 ||| DROPPING scroll of vulnerability.
   718 | D:1      | 718 ||| Stepping ~*~*~tactically~*~*~ (cloud).
   719 | D:1      | HP: 5/20 [poisoned by you (poison gas)]
   721 | D:1      | HP: 2/20 [poisoned by you (poison gas)]
   724 | D:1      | Succumbed to their own poison gas

Levels and vault maps discovered:
D:1:      tekkud_arrival_beachfront_property, layout_basic, minmay_tromino_v7

Skill      XL: |  1  2  3 |
---------------+----------+-----
Ranged Weapons | 6 7 |  7.1
Fighting       | |  1.5
Dodging        | |  2.4
Stealth        | |  1.2

Action                     || total
---------------------------++-------
   Fire: Shortbow          ||    98
    Use: Scroll            ||     4
         Potion            ||     1
 Armour: Leather armour    ||    17
  Dodge: Dodged            ||    47

Table legend:
 A = Non-vault XP
 B = Vault XP
 C = Vault XP percentage of total XP
 D = Non-vault monster count
 E = Vault monster count
 F = Vault count percentage of total count
                 A         B        C        D         E       F
            +---------+---------+-------+---------+---------+-------
      Total |      64 |       7 |   9.9 |      28 |       4 |  12.5
            +---------+---------+-------+---------+---------+-------
        D:1 |      64 |       7 |   9.9 |      28 |       4 |  12.5
            +---------+---------+-------+---------+---------+-------
